 Dungeon Crawl Stone Soup version 0.18-b1-22-ge198996 (webtiles) character file.

5407 Northaan the Cleaver (level 10, 0/97 HPs)
             Began as a Hill Orc Fighter on May 3, 2016.
             Was a Believer of Qazlal.
             Killed by vampiric draining
             ... invoked by a vampire
              (16 damage)
             ... on level 10 of the Dungeon.
             The game lasted 00:12:03 (9445 turns).

Northaan the Cleaver (Hill Orc Fighter)             Turns: 9445, Time: 00:12:03

Health: 0/97       AC: 18    Str: 23    XL:     10   Next: 67%
Magic:  13/13      EV: 10    Int:  8    God:    Qazlal [**....]
Gold:   504        SH: 13    Dex: 13    Spells: 0 memorised, 9 levels left

rFire  . . .     SeeInvis .     L - +0 war axe (venom)
rCold  . . .     Gourm    .     M - +5 ring mail of Umaguw {MR+}
rNeg   . . .     Faith    .     c - +0 shield
rPois  .         Spirit   .     (no helmet)
rElec  .         Dismiss  .     (no cloak)
rCorr  .         Reflect  .     u - +2 pair of gloves {Str+3}
SustAt .         Harm     .     J - +1 pair of boots
MR     +....     Rnd*Tele +     (no amulet)
Stlth  +.........               C - ring of teleportation
                                m - ring of wizardry

@: somewhat resistant to hostile enchantments, very unstealthy
A: thin metallic scales 1
a: Upheaval, Renounce Religion


You were on level 10 of the Dungeon.
You worshipped Qazlal.
Qazlal was pleased with you.
You were hungry.

You visited 2 branches of the dungeon, and saw 11 of its levels.

You collected 504 gold pieces.

Inventory:

Hand Weapons
 a - a +0 war axe
 o - a +2 scimitar of flaming
 K - a +2 battleaxe
 L - a +0 war axe of venom (weapon)
Missiles
 i - 8 javelins
 H - 3 tomahawks (quivered)
Armour
 b - a +0 scale mail
 c - a +0 shield (worn)
 h - a +0 chain mail
 u - a +2 pair of gloves of strength (worn)
 y - a +0 plate armour
 J - a +1 pair of boots (worn)
 M - the +5 ring mail of Umaguw (worn) {MR+}
   (You found it on level 8 of the Dungeon)

   It affects your resistance to hostile enchantments.
Jewellery
 j - an uncursed ring of fire
 m - a ring of wizardry (left hand)
 C - a ring of teleportation (right hand)
Wands
 q - a wand of digging (2/24)
 z - a wand of flame (27/48)
 F - a wand of hasting (6/9)
Scrolls
 e - 3 scrolls of enchant armour
 k - a scroll of blinking
 l - a scroll of noise {unknown}
 p - 5 scrolls of identify
 s - a scroll of immolation {unknown}
 t - a scroll of enchant weapon {unknown}
 w - 2 scrolls of amnesia
 B - a scroll of recharging
Potions
 g - 4 potions of flight {unknown}
 v - 2 potions of heal wounds
 A - 3 potions of curing
 D - a potion of haste {unknown}
 I - a potion of mutation {unknown}
 N - a potion of cancellation {unknown}
Books
 x - a book of Party Tricks

   Spells                             Type                      Level
   a - Summon Butterflies             Summoning                    1
   b - Apportation                    Translocation                1
   c - Tukima's Dance                 Hexes                        3
   d - Alistair's Intoxication        Transmutation/Poison         5
   e - Invisibility                   Hexes                        6
 G - a book of Air

   Spells                             Type                      Level
   a - Shock                          Conjuration/Air              1
   b - Swiftness                      Charms/Air                   2
   c - Repel Missiles                 Charms/Air                   2
   d - Static Discharge               Conjuration/Air              3
   e - Lightning Bolt                 Conjuration/Air              5
Comestibles
 f - 7 bread rations
 n - 5 meat rations
 r - 3 beef jerkies


   Skills:
 + Level 11.7 Fighting
 + Level 11.8 Axes
 + Level 5.4 Armour
 + Level 3.3 Dodging
 + Level 5.6 Shields
 + Level 5.1 Invocations


You had 9 spell levels left.
You didn't know any spells.

Dungeon Overview and Level Annotations

Branches:
Dungeon (10/15)            Temple (1/1) D:5
   Lair: D:8-11         Orc: D:9-12

Altars:
Ashenzari
Cheibriados
Dithmenos
Elyvilon
Fedhas
Gozag
Kikubaaqudgha
Makhleb
Nemelex Xobeh
Okawaru
Pakellas
Qazlal
Sif Muna
Trog
Vehumet
Xom
Yredelemnul
Zin
The Shining One

Shops:
D:10 :

Annotations:
D:7 exclusion: statue
D:9 Erolcha


Innate Abilities, Weirdness & Mutations

You are partially covered in thin metallic scales (AC +2).


Message History

You closely miss something. Something hits you but does no damage.
Something bites you but does no damage.
You slash something! You block something's attack. Something bites you.
Something draws strength from your injuries!
You hit something but do no damage.
Unholy energy fills the air.
You hit something but do no damage. Something hits you but does no damage.
Something bites you but does no damage.
Your shield prevents you from hitting something.
Something hits you. Something bites you.
Something draws strength from your injuries!
You hit something. Something hits you. Something bites you but does no damage.
You slash something! Something hits you but does no damage.
Something bites you!
* * * LOW HITPOINT WARNING * * *
Something draws strength from your injuries!
You hit something but do no damage. You slash something!
Unholy energy fills the air.
* * * LOW HITPOINT WARNING * * *
You slash something!
Unholy energy fills the air.
You die...

..............#
..............#
........?.....#
............<.#
..............###
.................#
###....######...#
#....# #### #...@#
#∩##
#.....†{.....#+#
#.............
+........>...#
#.............
#............#
#.............#
#.............#


There were no monsters in sight!

Vanquished Creatures
  Gastronok (D:9)
  Erica (D:9)
  Sigmund (D:3)
  A spriggan (D:8)
  A sky beast (D:7)
  A phantom (D:5)
  A black bear (D:4)
  An orc warrior (D:9)
  2 centaurs
  6 ogres
  A big kobold (D:9)
  A giant frog (D:9)
  3 scorpions
  4 wights (D:7)
  2 howler monkeys (D:6)
  4 crimson imps
  6 hounds
  A giant frog zombie (D:8)
  2 jellies
  3 orc wizards
  2 giant frog skeletons
  4 orc priests
  5 worker ants
  A killer bee zombie (D:8)
  A hound zombie (D:9)
  2 hound skeletons
  9 adders
  8 gnolls
  A shadow imp (D:7)
  A dart slug (D:2)
  4 worms
  7 giant geckos
  15 orcs
  5 giant cockroaches
  8 hobgoblins
  10 jackals
  6 kobolds
  2 quokkas
  2 ball pythons
  4 bats
  8 giant newts
  7 goblins
  A jackal skeleton (D:6)
  7 rats
163 creatures vanquished.

Vanquished Creatures (others)
  A hobgoblin (D:3)
1 creature vanquished.

Grand Total: 164 creatures vanquished

Notes
Turn   | Place    | Note
--------------------------------------------------------------
     0 | D:1      | Northaan the Hill Orc Fighter began the quest for the Orb.
     0 | D:1      | Reached XP level 1. HP: 19/19 MP: 1/1
   274 | D:1      | Reached XP level 2. HP: 27/27 MP: 2/2
   736 | D:2      | Reached XP level 3. HP: 28/33 MP: 3/3
  1737 | D:2      | Reached XP level 4. HP: 40/40 MP: 4/4
  1873 | D:3      | Found a sparkling altar of Nemelex Xobeh.
  2287 | D:3      | Reached skill level 5 in Axes
  2287 | D:3      | Reached XP level 5. HP: 29/47 MP: 5/5
  2603 | D:3      | Noticed Sigmund
  2641 | D:3      | Killed Sigmund
  2641 | D:3      | Reached skill level 5 in Fighting
  2641 | D:3      | Reached XP level 6. HP: 22/56 MP: 6/6
  3617 | D:4      | Noticed a black bear
  3624 | D:4      | Killed a black bear
  3624 | D:4      | Reached XP level 7. HP: 58/62 MP: 7/7
  4390 | D:5      | Entered Level 5 of the Dungeon
  4507 | D:5      | Found a staircase to the Ecumenical Temple.
  4529 | Temple   | Entered the Ecumenical Temple
  4546 | Temple   | Became a worshipper of Qazlal Stormbringer
  5465 | D:5      | Found an opulent altar of Gozag.
  5491 | D:5      | Reached XP level 8. HP: 61/73 MP: 8/8
  5520 | D:5      | Found a shimmering altar of Xom.
  6136 | D:6      | Found an oddly glowing altar of Pakellas.
  6651 | D:6      | Reached skill level 10 in Axes
  6872 | D:7      | Found a deep blue altar of Sif Muna.
  7039 | D:7      | Reached XP level 9. HP: 74/85 MP: 9/9
  7115 | D:7      | Reached skill level 10 in Fighting
  7240 | D:7      | Found a radiant altar of Vehumet.
  7338 | D:8      | Found a shattered altar of Ashenzari.
  7352 | D:8      | Reached * piety under Qazlal
  7756 | D:8      | Found a snail-covered altar of Cheibriados.
  7955 | D:8      | Reached skill level 1 in Dodging
  8083 | D:8      | Reached skill level 1 in Invocations
  8227 | D:8      | Got a faintly humming ring mail
  8228 | D:8      | Identified the +5 ring mail of Umaguw {MR+} (You found it on level 8 of the Dungeon)
  8499 | D:9      | Reached ** piety under Qazlal
  8612 | D:9      | Noticed Gastronok
  8627 | D:9      | Gained mutation: You are partially covered in thin metallic scales (AC +2). [potion of beneficial mutation]
  8639 | D:9      | Killed Gastronok
  8639 | D:9      | Reached skill level 5 in Armour
  8639 | D:9      | Reached skill level 5 in Shields
  8639 | D:9      | Reached XP level 10. HP: 34/96 MP: 10/13
  8901 | D:9      | Noticed Erica
  8926 | D:9      | Killed Erica
  8926 | D:9      | Reached skill level 5 in Invocations
  9400 | D:9      | Noticed Erolcha
  9417 | D:10     | Entered Level 10 of the Dungeon
  9417 | D:10     | Found Woczithairch's Book Shop.
  9445 | D:10     | Killed from afar by a vampire

Skill      XL: |  1  2  3  4  5  6  7  8  9 10 |
---------------+-------------------------------+-----
Axes           | 3 4 5 6 8 9 10 11 | 11.8
Fighting       | 4 5 7 9 11 | 11.7
Dodging        | 3 |  3.3
Invocations    | 4 5 |  5.1
Shields        | 5 |  5.6
Armour         | 5 |  5.4

Action                   |  1- 3 |  4- 6 |  7- 9 | 10-12 || total
-------------------------+-------+-------+-------+-------++-------
Melee: War axe           |   147 |   122 |   336 |    49 ||   654
       Battleaxe         |       |       |    48 |       ||    48
  Use: Potion            |     1 |     4 |     3 |     1 ||     9
       Scroll            |       |       |    10 |       ||    10
  Eat: Chunk             |     2 |     2 |    16 |     2 ||    22
       Meat ration       |       |     1 |       |       ||     1
Armor: Chain mail        |    83 |    56 |    22 |       ||   161
       Scale mail        |     2 |       |       |       ||     2
       Plate armour      |       |       |   143 |       ||   143
       Ring mail         |       |       |    11 |    18 ||    29
Dodge: Dodged            |    31 |    19 |    70 |    13 ||   133
Block: Shield            |    68 |    63 |   138 |    18 ||   287
       Other             |       |       |     1 |       ||     1
